 Dungeon Crawl Stone Soup version 0.20-a0-501-g0de2c2e (webtiles) character file.

753 Jmtri7 the Ducker (level 7, -1/63 HPs)
             Began as a Minotaur Monk on Jan 19, 2017.
             Was a Believer of Dithmenos.
             Slain by Duvessa
             ... wielding a +0 short sword
              (15 damage)
             ... on level 4 of the Dungeon.
             The game lasted 00:08:04 (3600 turns).

Jmtri7 the Ducker (Minotaur Monk)                   Turns: 3600, Time: 00:08:05

Health: -1/63      AC:  4    Str: 16    XL:     7   Next: 49%
Magic:  6/6        EV: 17    Int:  7    God:    Dithmenos [**....]
Gold:   235        SH:  0    Dex: 14    Spells: 6/6 levels left

rFire    + . .     SeeInvis +   a - +0 falchion
rCold    . . .     Gourm    .   h - +1 robe (curse)
rNeg     . . .     Faith    .   (no shield)
rPois    .         Spirit   .   (helmet restricted)
rElec    .         Reflect  .   s - +0 cloak
rCorr    .         Harm     .   (no gloves)
MR       .....                  (no boots)
Stlth    +.........             (no amulet)
Regen    0.2/turn               i - ring of see invisible
                                r - ring of protection from fire

@: glowing
A: retaliatory headbutt, horns 2
a: Shadow Step, Renounce Religion


You were on level 4 of the Dungeon.
You worshipped Dithmenos.
Dithmenos was pleased with you.
You were not hungry.

You visited 1 branch of the dungeon, and saw 4 of its levels.

You collected 235 gold pieces.

Inventory:

Hand Weapons
 a - a +0 falchion (weapon)
Armour
 h - a cursed +1 robe (worn)
 k - a +0 plate armour
 s - a +0 cloak (worn)
Jewellery
 i - a ring of see invisible (right hand)
 r - a ring of protection from fire (left hand)
Scrolls
 e - 2 scrolls of enchant armour
 q - a scroll of fear
Potions
 b - a potion of cancellation
 d - a potion of haste
 g - a potion of invisibility
 m - 3 potions of curing {unknown}
 n - a potion of resistance
 o - a potion of lignification {unknown}
 t - a potion of magic {unknown}
Comestibles
 c - 4 bread rations
 f - a beef jerky
 j - a royal jelly
 l - a slice of pizza
 p - a chunk of flesh


   Skills:
 + Level 6.0 Fighting
 - Level 3.6 Long Blades
 * Level 3.5 Armour
 + Level 7.9 Dodging
 - Level 1.5 Stealth


You had 6 spell levels left.
You didn't know any spells.

Dungeon Overview and Level Annotations

Branches:
Dungeon (4/15)
 Temple: D:4-7

Altars:
Dithmenos
Fedhas
Xom
Yredelemnul
Zin

Annotations:
D:4 Duvessa


Innate Abilities, Weirdness & Mutations

You reflexively headbutt those who attack you in melee.
You have a pair of horns on your head.


Message History

Duvessa goes berserk!
Your Fighting skill increases to level 6!
You hit Duvessa.
Duvessa is moderately wounded.
Duvessa hits you with a short sword. Duvessa closely misses you.
You closely miss Duvessa.
Duvessa is moderately wounded.
Duvessa misses you. You furiously retaliate!
You headbutt Duvessa!
You riposte.
You hit Duvessa but do no damage.
Duvessa is heavily wounded.
Duvessa hits you with a short sword.
You hit Duvessa but do no damage. You headbutt Duvessa.
Duvessa is heavily wounded.
Duvessa hits you with a short sword.
You barely miss Duvessa. You headbutt Duvessa.
Duvessa is heavily wounded.
Duvessa hits you with a short sword!
* * * LOW HITPOINT WARNING * * *
Duvessa hits you with a short sword!
You die...

# #. ## #>###
######.# ...#
#..)...#
#.######.##@###
######..##....##e#
...........####.a#
#######.#### #.##
## #.## .. .#
#..## ###
.#######..#
..##....#.# #
#.........#.#


You could see Duvessa (berserk) and a worker ant.

Vanquished Creatures
  Eustachio (D:4)
  Menkaure (D:4)
  An ogre (D:3)
  Dowan (D:4)
  Ijyb (D:3)
  Natasha (thrice) (D:3)
  3 worker ants (D:4)
  A hound skeleton (D:4)
  A gnoll (D:1)
  8 adders
  3 worms
  A dart slug (D:1)
  2 orcs
  7 bats
  3 giant cockroaches
  9 hobgoblins
  6 jackals
  6 kobolds
  2 quokkas (D:3)
  5 frilled lizards
  9 goblins
  A quokka skeleton (D:4)
  7 rats
  A spectral orc (D:2)
83 creatures vanquished.

Notes
Turn   | Place    | Note
-------+----------+-------------------------------------------
     0 | D:1      | Jmtri7 the Minotaur Monk began the quest for the Orb.
     0 | D:1      | Reached XP level 1. HP: 19/19 MP: 0/0
   193 | D:1      | Reached XP level 2. HP: 17/27 MP: 1/1
   407 | D:1      | Reached skill level 1 in Armour
   551 | D:1      | Reached skill level 4 in Dodging
   999 | D:2      | Reached XP level 3. HP: 29/33 MP: 2/2
  1399 | D:2      | Found a faded altar of an unknown god.
  1536 | D:2      | Found a basalt altar of Yredelemnul.
  1639 | D:2      | Reached XP level 4. HP: 41/41 MP: 3/3
  1935 | D:3      | Found a shimmering altar of Xom.
  1994 | D:3      | Reached skill level 5 in Dodging
  2299 | D:3      | Noticed Natasha
  2305 | D:3      | Killed Natasha
  2305 | D:3      | Reached XP level 5. HP: 43/47 MP: 4/4
  2368 | D:3      | Noticed Natasha
  2379 | D:3      | Killed Natasha
  2584 | D:3      | Noticed Natasha
  2594 | D:3      | Killed Natasha
  2660 | D:3      | Found a blossoming altar of Fedhas.
  2713 | D:3      | Noticed Ijyb
  2727 | D:3      | Killed Ijyb
  2727 | D:3      | Reached skill level 5 in Fighting
  2727 | D:3      | Reached skill level 6 in Dodging
  2791 | D:4      | Found a glowing silver altar of Zin.
  2829 | D:4      | Reached XP level 6. HP: 39/56 MP: 5/5
  2995 | D:4      | Found a shadowy altar of Dithmenos.
  3021 | D:4      | Became a worshipper of Dithmenos the Shadowed
  3021 | D:4      | Reached * piety under Dithmenos
  3021 | D:4      | Reached ** piety under Dithmenos
  3024 | D:4      | Noticed Eustachio
  3202 | D:4      | Killed Eustachio
  3202 | D:4      | Reached skill level 7 in Dodging
  3202 | D:4      | Reached XP level 7. HP: 36/61 MP: 6/6
  3373 | D:4      | Noticed Menkaure
  3380 | D:4      | Killed Menkaure
  3588 | D:4      | Noticed Dowan
  3589 | D:4      | Noticed Duvessa
  3596 | D:4      | Killed Dowan
  3600 | D:4      | Slain by Duvessa

Vault maps used:
D:1:      lightli_arrival_statue_moat, minmay_misc_feat_ornament,
          serial_bayou_lagoon_a
D:2:      yredelemnul_forgotten_temple_becter,
          chequers_ecumenical_altar_simple_redux, first_bread,
          hangedman_feature_mirror, minmay_pentomino_q2
D:3:      fedhas_altar_1, brannock_xom_greatest_gift, uniq_natasha, uniq_iyjb
D:4:      grunt_temple_overflow_open, uniq_eustachio, uniq_menkaure,
          uniq_duvessa

Skill      XL: |  1  2  3  4  5  6  7 |
---------------+----------------------+-----
Armour         | 1 2 3 |  3.5
Dodging        | 4 5 6 7 |  7.9
Fighting       | 4 5 6 |  6.0
Long Blades    | |  3.6
Stealth        | |  1.5

Action                   |  1- 3 |  4- 6 |  7- 9 || total
-------------------------+-------+-------+-------++-------
Melee: Falchion          |    74 |   124 |    18 ||   216
       Headbutt          |    15 |    22 |     4 ||    41
  Use: Scroll            |     5 |     4 |       ||     9
 Stab: Sleeping          |     3 |     2 |       ||     5
  Eat: Chunk             |     2 |     5 |     2 ||     9
Armor: Robe              |    14 |    26 |     1 ||    41
Dodge: Dodged            |    48 |   151 |    10 ||   209
       Rpst.: Falchion   |    13 |    38 |     3 ||    54
